 Dungeon Crawl Stone Soup version 0.27-a0-1189-gb8eb6cee8e (webtiles) character file.

Game seed: 6779897169525128859

48682 wakim the Unseen (level 14, -7/73 HPs)
             Began as a Spriggan Enchanter on May 22, 2021.
             Was a Believer of Uskayaw.
             Mangled by a hornet (19 damage)
             ... while paralysed by a hornet
             ... on level 5 of the Lair of Beasts on May 23, 2021.
             The game lasted 01:31:49 (24790 turns).

wakim the Unseen (Spriggan Enchanter)              Turns: 24790, Time: 01:31:50

Health: -7/73      AC: 10    Str:  6    XL:     14   Next: 13%
Magic:  13/21      EV:  4    Int: 18    God:    Uskayaw [**....]
Gold:   879        SH:  0    Dex: 17    Spells: 9/21 levels left

rFire    + . .     SeeInvis +   a - +9 quick blade (chaos)
rCold    . . .     Faith    .   k - +3 warlock's mirror {reflect}
rNeg     . . .     Spirit   .   s - +0 swamp dragon scales
rPois    +         Reflect  +   (helmet restricted)
rElec    .         Harm     .   h - +2 cloak
rCorr    .         Rampage  .   (gloves unavailable)
Will     +++..                  (boots unavailable)
Stlth    ++++++....             (no amulet)
HPRegen  0.22/turn              p - ring of protection from fire
MPRegen  0.17/turn              n - ring of willpower

@: paralysed, slowed, very quick
A: very small, no large weapons, unfitting armour, see invisible, speed 3
a: Renounce Religion, Stomp, Line Pass


You were on level 5 of the Lair of Beasts.
You worshipped Uskayaw.
Uskayaw was aware of your devotion.
You visited 3 branches of the dungeon, and saw 17 of its levels.
You also visited: Sewer and Volcano.

You collected 879 gold pieces.

Inventory:

Hand Weapons
 a - a +9 quick blade of chaos (weapon)
 b - a +1 short sword of venom
Missiles
 g - a curare-tipped dart {=f}
 i - a throwing net {=f!f}
Armour
 f - the +7 pearl dragon scales "Imysokerph" {rN+ Regen+ Str+2 Int+2}
   (You found it on level 4 of the Lair of Beasts)

   It affects your strength (+2).
   It affects your intelligence (+2).
   It protects you from negative energy.
   It increases your rate of health regeneration.
 h - a +2 cloak (worn)
 k - the +3 warlock's mirror (worn) {reflect}
   (You acquired it on level 3 of the Dungeon)
 s - +0 swamp dragon scales (worn)
Jewellery
 l - a ring of resist corrosion
 n - a ring of willpower (right hand)
 p - a ring of protection from fire (left hand)
 t - a +6 ring of strength
Wands
 u - a wand of mindburst (19)
 v - a wand of flame (26)
 w - a wand of acid (12)
 x - a wand of iceblast (15)
Scrolls
 o - 2 scrolls of enchant armour
 q - a scroll of enchant weapon
 T - 9 scrolls of teleportation
 U - 2 scrolls of fear
 X - 3 scrolls of fog
Potions
 c - 2 potions of invisibility {unknown}
 d - 3 potions of magic {unknown}
 e - 2 potions of berserk rage {unknown}
 j - 2 potions of ambrosia {unknown}
 m - 3 potions of haste {unknown}
 r - a potion of cancellation {unknown}
 D - 3 potions of brilliance
 F - 12 potions of curing
 G - 4 potions of flight
 J - 10 potions of heal wounds
 N - 4 potions of might
 O - 4 potions of resistance


   Skills:
 * Level 8.0 Fighting
 - Level 8.0 Short Blades
 * Level 13.2 Dodging
 + Level 16.1 Stealth
 - Level 7.2 Shields
 - Level 4.0 Spellcasting
 + Level 12.9 Hexes
 - Level 8.0 Invocations


You had 9 spell levels left.
You knew the following spells:

 Your Spells              Type           Power      Damage    Failure   Level
a - Corona                Hex            55%        N/A       1%          1
b - Confusing Touch       Hex            50%        N/A       1%          3
c - Invisibility          Hex            50%        N/A       43%         6
x - Ensorcelled Hibernat  Hex/Ice        52%        N/A       6%          2

Your spell library contained the following spells:

 Spells                   Type           Power      Damage    Failure   Level
 Tukima's Dance           Hex            50%        N/A       1%          3
 Dazzling Flash           Conj/Hex       52%        N/A       13%         3
 Apportation              Tloc           6%         N/A       52%         1
 Beastly Appendage        Tmut           6%         N/A       52%         1
 Blink                    Tloc           N/A        N/A       65%         2
 Wereblood                Tmut           3%         N/A       65%         2
 Gell's Gravitas          Tloc           1%         N/A       87%         3
 Lesser Beckoning         Tloc           1%         N/A       87%         3
 Spider Form              Tmut/Pois      1%         N/A       87%         3
 Teleport Other           Tloc           3%         N/A       87%         3
 Ice Form                 Ice/Tmut       3%         N/A       99%         4
 Alistair's Intoxication  Tmut/Pois      2%         N/A       100%        5
 Hydra Form               Tmut           1%         N/A       100%        5
 Manifold Assault         Tloc           3%         N/A       100%        5


Dungeon Overview and Level Annotations

Branches:
Dungeon (10/15)            Temple (1/1) D:5            Lair (6/6) D:8
  Swamp (0/4) Lair:3        Snake (0/4) Lair:3        Sewer (visited)
Volcano (visited)
  Slime: Lair:5-6       Orc: D:9-12

Altars:
Ashenzari
Cheibriados
Dithmenos
Elyvilon
Fedhas
Gozag
Hepliaklqana
Kikubaaqudgha
Makhleb
Nemelex Xobeh
Okawaru
Qazlal
Ru
Sif Muna
Trog
Uskayaw
Vehumet
Wu Jian
Xom
Yredelemnul
Zin
The Shining One

Shops:
D:4 ?   D:7 *

Annotations:
D:10 3 runed translucent doors, tilp's ghost, novice DgIE
Lair:1 1 runed translucent door, Karim's ghost, journeyman TrMo
Lair:4 1 runed translucent door, Cakiepeg's ghost, journeyman DDGl


Innate Abilities, Weirdness & Mutations

You are very small and have problems with some larger weapons.
You are too small for most types of armour.
You have supernaturally acute eyesight. (SInv)
You cover ground extremely quickly. (Speed+++)


Message History

The hornet is severely wounded.
The hornet misses you.
You closely miss the hornet.
The hornet is severely wounded.
You closely miss the hornet.
The hornet is severely wounded.
You feel sick. The hornet closely misses you.
You hit the hornet but do no damage.
The hornet goes berserk!
The hornet is severely wounded.
The hornet barely misses you.
You hit the hornet.
The hornet is severely wounded.
You block the hornet's attack.
You closely miss the hornet.
The hornet is severely wounded.
You closely miss the hornet.
The hornet is severely wounded.
You feel sick. You block the hornet's attack.
You miss the hornet.
The hornet is severely wounded.
You block the hornet's attack.
You miss the hornet.
The hornet is severely wounded.
You puncture the hornet! You burn the hornet.
The hornet is almost dead.
You feel sick. The hornet completely misses you.
You miss the hornet.
The hornet is almost dead.
The hornet stings you!
* * * LOW HITPOINT WARNING * * *
You suddenly lose the ability to move!
You feel sick.
You are no longer poisoned.
The hornet stings you!
* * * LOW HITPOINT WARNING * * *
The hornet stings you!
* * * LOW HITPOINT WARNING * * *
You feel yourself slow down. The hornet completely misses you.
The hornet stings you!!
You die...

...............##..#.## ####.#.#.
..y@........#.......
....÷......(.>..........##.....P.
......P...#.P...........#..P.P...
...........#......}....#..#PPP...
..........###..#...[>..###......#
..........###.[..P.#...# #.P.....
.......P...P#.....#.#..###.......
...................#.#..........#
......#...............#.P#.#.....


You could see a hornet (berserk, fast).

Vanquished Creatures
  4 boulder beetles
  9 hydras
  2 catoblepae
  Harold (D:7)
  3 centaur warriors
  3 death yaks (Lair:3)
  A hell knight (Volcano)
  An oklob plant (Lair:2)
  An ugly thing (D:9)
  A deep elf pyromancer (D:9)
  A cyclops (D:6)
  A manticore (D:9)
  5 elephants (Lair:5)
  Joseph (D:10)
  4 black mambas
  A molten gargoyle (Volcano)
  A gargoyle (D:9)
  Maggie (D:7)
  A torpor snail (Lair:4)
  16 cane toads
  3 rime drakes
  7 komodo dragons
  3 yaktaurs (Volcano)
  The ghost of PanSaczeczos the Skirmisher, an amateur OgAK of Lugonu (D:4)
  2 polar bears
  A hornet (D:8)
  5 blink frogs
  6 dream sheep (Lair:4)
  A shadow (D:7)
  A wraith (D:10)
  A vampire (D:6)
  3 basilisks
  4 wyverns
  48 yaks
  6 fire bats (Volcano)
  A steam dragon (D:10)
  A naga (Lair:3)
  A vampire mosquito (D:9)
  12 water moccasins
  5 orc warriors
  An ogre (D:7)
  A necrophage (D:7)
  16 wolves
  6 centaurs
  3 kobold brigands
  13 bullfrogs
  A gnoll sergeant (D:9)
  2 water moccasin skeletons
  6 killer bees
  6 wights (D:8)
  4 howler monkeys
  6 lava snakes (Volcano)
  4 hounds
  7 orc priests
  Crazy Yiuf (D:2)
  4 centaur skeletons
  3 centaur zombies
  A bullfrog skeleton (D:5)
  4 iguanas
  8 orc wizards
  A hell rat (Lair:3)
  A hound zombie (D:5)
  3 howler monkey zombies
  4 adders
  2 ufetubi
  2 worms
  3 dart slugs
  30 orcs
  7 bats
  10 endoplasms
  6 giant cockroaches
  7 goblins
  6 hobgoblins
  9 jackals
  25 kobolds
  6 quokkas
  7 ball pythons
  6 frilled lizards
  8 rats
410 creatures vanquished.

Vanquished Creatures (others)
  18 fungi
  24 plants
42 creatures vanquished.

Grand Total: 452 creatures vanquished

Notes
Turn   | Place    | Note
-------+----------+-------------------------------------------
     0 | D:1      | wakim the Spriggan Enchanter began the quest for the Orb.
     0 | D:1      | Reached XP level 1. HP: 9/9 MP: 5/5
    96 | D:1      | You fall into a shaft and drop 1 floor!
   180 | D:2      | Reached skill level 5 in Stealth
   180 | D:2      | Reached XP level 2. HP: 10/13 MP: 4/6
   224 | D:2      | Learned a level 2 spell: Ensorcelled Hibernation
   693 | D:1      | You fall into a shaft and drop 1 floor!
   699 | D:2      | Reached XP level 3. HP: 16/16 MP: 8/8
  1503 | D:1      | Reached skill level 6 in Stealth
  1866 | D:1      | Identified a scroll of acquirement
  1866 | D:1      | Acquired a +6 quick blade
  1941 | D:2      | Reached XP level 4. HP: 13/21 MP: 1/9
  2903 | D:2      | Found a runed translucent door.
  2904 | D:2      | Noticed Crazy Yiuf
  2923 | D:2      | Killed Crazy Yiuf
  3283 | D:3      | Reached skill level 7 in Stealth
  3318 | D:3      | Reached XP level 5. HP: 24/24 MP: 10/10
  3319 | D:3      | Found a sparkling altar of Nemelex Xobeh.
  3552 | D:3      | Found a glowing drain.
  3556 | Sewer    | Entered a sewer
  3992 | Sewer    | Reached skill level 5 in Short Blades
  3992 | Sewer    | Reached skill level 8 in Stealth
  3992 | Sewer    | Reached XP level 6. HP: 20/28 MP: 6/11
  4369 | D:3      | You fall into a shaft and drop 1 floor!
  4404 | D:4      | Found a blossoming altar of Fedhas.
  4562 | D:4      | Found a runed translucent door.
  4567 | D:4      | Noticed PanSaczeczos's ghost (amateur OgAK)
  4783 | D:3      | Acquired the +3 warlock's mirror {reflect}
  4784 | D:3      | Found the +3 warlock's mirror {reflect}
  5187 | D:4      | Found Pocos's Magic Scroll Shop.
  5624 | D:4      | Reached XP level 7. HP: 31/32 MP: 12/12
  5973 | D:5      | Entered Level 5 of the Dungeon
  6012 | D:5      | Found a staircase to the Ecumenical Temple.
  6021 | Temple   | Entered the Ecumenical Temple
  6299 | D:5      | Learned a level 3 spell: Confusing Touch
  6495 | D:5      | Reached skill level 1 in Shields
  6625 | D:5      | Reached skill level 5 in Hexes
  7168 | D:5      | Found a shimmering altar of Xom.
  7490 | D:6      | Noticed a cyclops
  7764 | D:6      | Noticed a vampire
  7771 | D:6      | Killed a vampire
  7772 | D:6      | Reached XP level 8. HP: 36/36 MP: 13/13
  8445 | D:7      | Noticed Maggie
  8457 | D:7      | Killed Maggie
  8987 | D:7      | Found Nuddufon's Elemental Accessories.
  9043 | D:7      | Noticed Harold
  9165 | D:6      | Killed a cyclops
  9166 | D:6      | Reached XP level 9. HP: 22/39 MP: 11/14
  9991 | D:7      | Killed Harold
  9992 | D:7      | Reached skill level 5 in Shields
 10521 | D:8      | Found a staircase to the Lair.
 10524 | D:8      | Found a glowing silver altar of Zin.
 10687 | D:8      | Reached skill level 5 in Dodging
 10991 | D:8      | Found a glowing golden altar of the Shining One.
 10994 | D:8      | Found a shadowy altar of Dithmenos.
 11122 | D:8      | Reached XP level 10. HP: 49/49 MP: 3/17
 12186 | D:9      | Found an ancient bone altar of Kikubaaqudgha.
 12186 | D:9      | Found a glowing golden altar of the Shining One.
 12195 | D:9      | Noticed a purple ugly thing
 12196 | D:9      | Found a basalt altar of Yredelemnul.
 12196 | D:9      | Found a hide-covered altar of Uskayaw.
 12196 | D:9      | Noticed a fire dragon
 12208 | D:9      | Noticed a manticore
 12237 | D:9      | Noticed a deep elf pyromancer
 12395 | D:9      | Noticed a gargoyle
 12410 | D:9      | Reached skill level 5 in Fighting
 12605 | D:9      | Killed a manticore
 12619 | D:9      | Became a worshipper of Uskayaw the Reveller
 12642 | D:9      | Learned a level 6 spell: Invisibility
 12655 | D:9      | Reached * piety under Uskayaw
 12810 | D:9      | Reached ** piety under Uskayaw
 12814 | D:9      | Killed a purple ugly thing
 12911 | D:9      | Killed a gargoyle
 12912 | D:9      | Reached skill level 9 in Stealth
 13060 | D:9      | Reached *** piety under Uskayaw
 13068 | D:9      | Reached **** piety under Uskayaw
 13069 | D:9      | Reached skill level 10 in Stealth
 13081 | D:9      | Reached ***** piety under Uskayaw
 13290 | D:9      | Killed a deep elf pyromancer
 13432 | D:9      | Noticed a centaur warrior
 13452 | D:9      | Killed a centaur warrior
 13453 | D:9      | Reached XP level 11. HP: 18/56 MP: 11/18
 13675 | D:9      | Identified the +0 arbalest of Lies {elec, rF+ SInv}
 13828 | D:9      | Reached skill level 11 in Stealth
 13881 | D:9      | Found a shimmering blue altar of Sif Muna.
 14149 | D:9      | Found a hide-covered altar of Uskayaw.
 14269 | D:10     | Entered Level 10 of the Dungeon
 14279 | D:10     | Found a burning altar of Makhleb.
 14359 | D:10     | Noticed a boulder beetle
 14360 | D:10     | Noticed a centaur warrior
 14385 | D:10     | Killed a boulder beetle
 14394 | D:10     | Killed a centaur warrior
 14594 | D:10     | Noticed Joseph
 14612 | D:10     | Reached skill level 12 in Stealth
 14614 | D:10     | Killed Joseph
 14615 | D:10     | Reached skill level 10 in Hexes
 15238 | D:10     | Noticed tilp's ghost (novice DgIE)
 15239 | D:10     | Found a runed translucent gate.
 15240 | D:10     | Found a runed translucent gate.
 15240 | D:10     | Found a runed translucent gate.
 15921 | D:4      | Killed PanSaczeczos's ghost
 16075 | Lair:1   | Entered Level 1 of the Lair of Beasts
 16079 | Lair:1   | Noticed a six-headed hydra
 16114 | D:8      | Killed a six-headed hydra
 16652 | Lair:1   | Found a runed translucent door.
 16653 | Lair:1   | Noticed Karim's ghost (journeyman TrMo)
 16703 | Lair:1   | Reached skill level 13 in Stealth
 16703 | Lair:1   | Noticed a four-headed hydra
 16728 | Lair:1   | Killed a four-headed hydra
 16882 | Lair:1   | Reached XP level 12. HP: 42/61 MP: 12/19
 16909 | Lair:1   | Reached skill level 1 in Invocations
 17288 | Lair:1   | Reached skill level 14 in Stealth
 18018 | Lair:2   | Noticed a catoblepas
 18560 | Lair:2   | Killed a catoblepas
 18989 | Lair:2   | Noticed a boulder beetle
 19063 | Lair:2   | Killed a boulder beetle
 19064 | Lair:2   | Reached skill level 10 in Dodging
 19260 | Lair:2   | Identified the +12 plate armour of Ociwihip {rPois rN+
                  | Dex+3}
 19528 | Lair:2   | Reached skill level 15 in Stealth
 19584 | Lair:3   | Found a staircase to the Swamp.
 19943 | Lair:2   | Reached skill level 5 in Invocations
 20011 | Lair:3   | Noticed an eight-headed hydra
 20019 | Lair:3   | Killed an eight-headed hydra
 20123 | Lair:3   | Noticed a death yak
 20124 | Lair:3   | Noticed a death yak
 20126 | Lair:3   | Noticed a death yak
 20129 | Lair:3   | Killed a death yak
 20130 | Lair:3   | Reached XP level 13. HP: 65/65 MP: 20/20
 20143 | Lair:3   | Found a staircase to the Snake Pit.
 20511 | Lair:3   | Identified the +8 war axe of Peace {venom, rC+ rCorr Dex+2}
 21080 | Lair:4   | Found a runed translucent door.
 21085 | Lair:4   | Noticed Cakiepeg's ghost (journeyman DDGl)
 21294 | Lair:4   | Identified the +7 pearl dragon scales "Imysokerph" {rN+
                  | Regen+ Str+2 Int+2}
 21594 | Lair:4   | Found a dark tunnel.
 21600 | Volcano  | Entered a volcano
 22003 | Volcano  | Found a burning altar of Makhleb.
 23840 | Lair:5   | Reached skill level 16 in Stealth
 24150 | Lair:5   | Reached XP level 14. HP: 48/72 MP: 3/21
 24623 | Lair:6   | Entered Level 6 of the Lair of Beasts
 24770 | Lair:5   | Paralysed by a hornet for 2 turns
 24788 | Lair:5   | Paralysed by a hornet for 2 turns
 24790 | Lair:5   | Mangled by a hornet

Illustrated notes

Levels and vault maps discovered:
D:1:      eino_arrival_water_cross, layout_rooms, minmay_misc_feat_plants,
          kennysheep_minor_cross
D:2:      layout_basic, uniq_crazy_yiuf_cottage
D:3:      layout_loops_corners, nemelex_dance_club_becter, gup_sewer_entry_bowl,
          minivault_19, st_stairs_5
D:4:      layout_cave_pods, lemuel_crystal_altar, serial_shops, shop_fountains,
          ebering_ghost_reflecting_pool
D:5:      layout_cave_pods, kennysheep_little_box, minmay_temple_entry_waves
D:6:      layout_loops_ring, grunt_ministairs_2, hex_tiny
D:7:      layout_loops_corners, nicolae_elemental_shop, uniq_maggie, uniq_harold
D:8:      layout_basic, lemuel_crystal_altar, minitemple, lair_entry_dummy
D:9:      minmay_the_grid_octo_tiled_squarecenter
          [minmay_the_grid_octo_tetromino_candy,
          minmay_the_grid_octo_fat_diamond, minmay_the_grid_octo_empty,
          minmay_the_grid_octo_shrine,
          minmay_the_grid_square_5x5_megaprize_checkered,
          minmay_the_grid_square_5x5_inverted_slash,
          minmay_the_grid_square_5x5_c,
          minmay_the_grid_square_5x5_sharp_hourglass,
          minmay_the_grid_square_5x5_two_walls_b], layout_irregular_city,
          overflow_temple_1_default, led_sif_book
D:10:     layout_loops_corners, lemuel_crystal_altar, gammafunk_ghost_split,
          minivault_20, uniq_joseph
Temple:   dshaligram_water_room_temple
Lair:1:   layout_misc_corridors, gammafunk_ghost_grave
Lair:2:   layout_chaotic_city, st_stairs_10, minmay_lair_oklob_chamber,
          grunt_megastairs_5
Lair:3:   layout_chaotic_city, swamp_mist, guppyfry_snake_entry_island,
          st_stairs_3, amcnicky_mini_pool_medium, grunt_megastairs_4
Lair:4:   layout_loops_ring, nicolae_volcano_entry_s_turn,
          ebering_ghost_reflecting_pool, hangedman_lair_generics_rect
Lair:5:   layout_loops_ring, lemuel_fruit_fields, serial_bayou_shore_b
Lair:6:   gammafunk_lair_ancient_temple, layout_regular_city, slime_altar_1

Skill      XL: |  1  2  3  4  5  6  7  8  9 10 11 12 13 14 |
---------------+-------------------------------------------+-----
Stealth        | 5 6 7 8 10 13 15 16 | 16.1
Short Blades   | 2 3 5 6 7 8 |  8.0
Hexes          | 4 6 8 12 | 12.9
Shields        | 1 4 5 6 7 |  7.2
Spellcasting   | 4 |  4.0
Dodging        | 5 6 11 13 | 13.2
Fighting       | 3 6 7 8 |  8.0
Invocations    | 5 7 8 |  8.0

Action                   |  1- 3 |  4- 6 |  7- 9 | 10-12 | 13-15 || total
-------------------------+-------+-------+-------+-------+-------++-------
Melee: Dagger            |   110 |       |       |       |       ||   110
       Quick blade       |    10 |   114 |   227 |   389 |   239 ||   979
       Short sword       |       |       |       |     7 |    19 ||    26
 Cast: Corona            |     1 |       |       |       |       ||     1
       Ensorcelled Hiber |    30 |    38 |    43 |   171 |   125 ||   407
       Confusing Touch   |       |       |     8 |    11 |     2 ||    21
Invok: Line Pass         |       |       |       |     2 |       ||     2
       Stomp             |       |       |       |       |     1 ||     1
  Use: Scroll            |     2 |     5 |     4 |    10 |     4 ||    25
       Potion            |       |       |       |     1 |       ||     1
 Stab: Sleeping          |    31 |    43 |    31 |    77 |    61 ||   243
       Confused          |       |       |     6 |    11 |     4 ||    21
       Paralysed         |       |       |       |    13 |    19 ||    32
       Distracted        |       |       |       |       |     1 ||     1
       Petrified         |       |       |       |       |     1 ||     1
Armor: Robe              |    17 |    17 |     5 |       |       ||    39
       Swamp dragon scal |       |       |     6 |    35 |    39 ||    80
       Pearl dragon scal |       |       |       |       |     2 ||     2
Dodge: Dodged            |   102 |    46 |    53 |   104 |   137 ||   442
Block: Buckler           |       |     9 |    48 |   147 |   107 ||   311
       Reflection        |       |       |     6 |    11 |     9 ||    26

Table legend: (Time is in decaauts)
 A = Elapsed time spent in this place.
 B = Non-inter-level travel time spent in this place.
 C = Inter-level travel time spent in this place.
 D = Time resting spent in this place.
 E = Time spent auto-exploring this place.
 F = Levels seen in this place.
 G = Mean time per level.
                   A        B        C        D        E       F      G
               +--------+--------+--------+--------+--------+-----+--------+
         Total |  18508 |  17816 |    692 |   1085 |  13149 |  19 |  974.1 |
       Dungeon |  11380 |  10885 |    495 |    876 |   7874 |  10 | 1138.0 |
        Temple |     80 |     67 |     13 |      0 |     65 |   1 |   80.0 |
          Lair |   5915 |   5732 |    183 |      4 |   4512 |   6 |  985.8 |
         Sewer |    543 |    543 |      0 |     26 |    428 |   1 |  543.0 |
       Volcano |    588 |    588 |      0 |    179 |    268 |   1 |  588.0 |
               +--------+--------+--------+--------+--------+-----+--------+

Top non-repeatable levels by time:
     D:9: 1858 daAuts
  Lair:1: 1581 daAuts
  Lair:2: 1402 daAuts
     D:2: 1362 daAuts
     D:8: 1352 daAuts
  Lair:4: 1268 daAuts
     D:7: 1198 daAuts
     D:6: 1128 daAuts
    D:10: 1036 daAuts
     D:1: 1009 daAuts
     D:4: 884 daAuts
  Lair:5: 863 daAuts
     D:3: 781 daAuts
     D:5: 767 daAuts
  Lair:3: 670 daAuts
